 Dungeon Crawl Stone Soup version 0.20-a0-1089-g3fde505 (webtiles) character file.

49 M4edhros the Poker (level 4, -7/28 HPs)
             Began as a Kobold Chaos Knight on May 4, 2017.
             Mangled by a wyvern zombie (14 damage)
             ... on level 1 of the Dungeon.
             The game lasted 00:02:14 (5513 turns).

M4edhros the Poker (Kobold Chaos Knight)            Turns: 5513, Time: 00:02:14

Health: -7/28      AC:  5    Str:  9    XL:     4   Next: 2%
Magic:  4/4        EV: 14    Int: 13    God:    Xom [.*....]
Gold:   32         SH:  4    Dex: 15    Spells: 3/3 levels left

rFire    + . .     SeeInvis .   a - +0 spear (chaos)
rCold    . . .     Gourm    .   (shield restricted)
rNeg     . . .     Faith    .   b - +2 leather armour
rPois    .         Spirit   .   (helmet restricted)
rElec    .         Reflect  .   (no cloak)
rCorr    .         Harm     .   (no gloves)
MR       .....                  (no boots)
Stlth    +.........             (no amulet)
Regen    0.1/turn               (no ring)
MPRegen  0.1/turn               (no ring)

@: no status effects
A: antennae 1, claws 1, large bone plates 1, carnivore 3, fire resistance 1,
sense surroundings 1
a: Renounce Religion


You were on level 1 of the Dungeon.
You worshipped Xom.
You were a plaything of Xom.
You were completely stuffed.

You visited 1 branch of the dungeon, and saw 2 of its levels.

You collected 32 gold pieces.

Inventory:

Hand Weapons
 a - a +0 spear of chaos (weapon)
 g - a +2 dagger of venom
Armour
 b - a +2 leather armour (worn)
Scrolls
 e - a scroll of blinking {unknown}
 f - a scroll of teleportation {unknown}
Potions
 h - a potion of heal wounds {unknown}
Comestibles
 c - a meat ration


   Skills:
 - Level 3.2 Fighting
 + Level 3.8 Polearms
 - Level 0.7 Armour
 - Level 2.4 Dodging


You had 3 spell levels left.
You didn't know any spells.

Dungeon Overview and Level Annotations

Branches:
Dungeon (2/15)

Altars:
Xom


Innate Abilities, Weirdness & Mutations

You are small and have problems with some larger weapons.
You are carnivorous and can eat meat at any time.
You have a pair of small antennae on your head.
You have sharp fingernails.
You are partially covered in large bone plates. (SH +4)
Your flesh is heat resistant. (rF+)
You passively map a small area around you.


Message History

* * * LOW HITPOINT WARNING * * *
Attack whom?
Press: ? - help, Dir - move target cursor You hit something but do no damage.
You kick something.
Attack whom?
Press: ? - help, Dir - move target cursor You attack empty space.
Xom is mildly amused.
You start resting.
There is a strange disturbance nearby!
It was a potion of mutation.
You feel extremely strange.
Your hooves expand and flesh out into feet!
You feel more in control of your magic.
You feel frail.
You regain control of your magic.
You feel resistant to heat.
Large bone plates grow over parts of your arms.
Xom is mildly amused.
You feel a strange attunement to the structure of the dungeons.
Something bites you!
Ouch! That really hurt!
You die...

......#***#....÷.......#
##'########.##.........#
,#.......#####.........#
,#.#####.#.............#
,#.#,, , #.##..........#
,#.#,#####.##.###'######
##(#,#...#.##........#
†..#,#.#.#.#####{###.#
##.#,#.#.#.# #@#.#.#
...#,#<#.#.# #...#.#
##.# #.#.#.#####...#.#
...#,#.#.#....#....#.#
.#.#,#.#.####.#.#....#
.#)#,..#.#..#.#.)..###
.#.#####.#..#.#...(#
.#.#.....#..#.##.#.#
.#.#.#####.##....#.#


There were no monsters in sight!

Vanquished Creatures
  A dart slug (D:1)
  2 leopard geckos
  3 bats (D:1)
  3 giant cockroaches (D:1)
  7 goblins (D:1)
  4 hobgoblins (D:1)
  2 jackals (D:1)
  A ball python (D:1)
  3 frilled lizards (D:1)
  8 kobolds (D:1)
  7 rats (D:1)
41 creatures vanquished.

Notes
Turn   | Place    | Note
-------+----------+-------------------------------------------
     0 | D:1      | M4edhros the Kobold Chaos Knight began the quest for the Orb.
     0 | D:1      | Reached XP level 1. HP: 14/14 MP: 1/1
   376 | D:1      | XOM: divination: detect creatures
   690 | D:1      | XOM: harmless Air miscast
   731 | D:1      | Reached XP level 2. HP: 19/19 MP: 2/2
   846 | D:1      | XOM: mild Air miscast
   863 | D:1      | XOM: mild Hex miscast
  1799 | D:1      | XOM: 1-stop teleportation journey
  1923 | D:1      | XOM: 3-stop teleportation journey
  2046 | D:1      | XOM is BORED!
  2046 | D:1      | XOM: mild Erth miscast
  2778 | D:1      | XOM: scenery: create altars
  3049 | D:1      | XOM: god gift: scroll labeled PYCKAR TIL YXT {god gift}
  3544 | D:1      | XOM is BORED!
  3544 | D:1      | XOM: torment (11/19 hp)
  3687 | D:1      | XOM: harmless Summ miscast
  3785 | D:1      | Reached XP level 3. HP: 21/23 MP: 3/3
  3961 | D:1      | XOM: divination: magic mapping
  3987 | D:1      | XOM: give mutations
  3987 | D:1      | Gained mutation: You have large cloven feet. [Xom's grace]
  3987 | D:1      | Gained mutation: You have a pair of small antennae on your head. [Xom's grace]
  3987 | D:1      | Gained mutation: Your spells are a little harder to cast, but a little more powerful. [Xom's grace]
  3987 | D:1      | Gained mutation: Your spells are harder to cast, but more powerful. [Xom's grace]
  4291 | D:1      | XOM: 4-stop teleportation journey
  4316 | D:1      | XOM: give mutations
  4316 | D:1      | Gained mutation: You are robust. (+10% HP) [Xom's grace]
  4316 | D:1      | Gained mutation: You have sharp fingernails. [Xom's grace]
  4649 | D:1      | XOM: medium Ice miscast
  4999 | D:1      | XOM: confuse monster(s)
  5062 | D:1      | XOM: mild Chrm miscast
  5065 | D:1      | XOM: mild Conj miscast
  5234 | D:1      | XOM: mild Air miscast
  5494 | D:1      | Reached XP level 4. HP: 20/30 MP: 4/4
  5513 | D:1      | Lost mutation: You have large cloven feet. [potion of mutation]
  5513 | D:1      | Lost mutation: Your spells are harder to cast, but more powerful. [potion of mutation]
  5513 | D:1      | Lost mutation: You are robust. (+10% HP) [potion of mutation]
  5513 | D:1      | Lost mutation: Your spells are a little harder to cast, but a little more powerful. [potion of mutation]
  5513 | D:1      | Gained mutation: Your flesh is heat resistant. (rF+) [potion of mutation]
  5513 | D:1      | Gained mutation: You are partially covered in large bone plates. (SH +4) [potion of mutation]
  5513 | D:1      | Gained mutation: You passively map a small area around you. [potion of mutation]
  5513 | D:1      | Mangled by a wyvern zombie

Vault maps used:
D:1:      matt_arrival_spirals, st_stairs_2
D:2:      first_bread

Skill      XL: |  1  2 |
---------------+-------+-----
Polearms       | 3 |  3.8
Fighting       | |  3.2
Armour         | |  0.7
Dodging        | |  2.4

Action                   |  1- 3 |  4- 6 || total
-------------------------+-------+-------++-------
Melee: Spear             |   129 |     4 ||   133
       Kick              |     7 |     2 ||     9
  Use: Scroll            |     1 |       ||     1
       Potion            |       |     1 ||     1
 Stab: Paralysed         |     3 |       ||     3
       Distracted        |     1 |       ||     1
       Sleeping          |     1 |       ||     1
       Confused          |       |     1 ||     1
  Eat: Chunk             |    22 |       ||    22
Armor: Leather armour    |    28 |     1 ||    29
Dodge: Dodged            |    95 |       ||    95
